 Dungeon Crawl Stone Soup version 0.17-a0-1793-gcbb3aa1 (webtiles) character file.

168 luca467 the Skirmisher (level 5, -2/38 HPs)
             Began as an Octopode Fighter on Sept 9, 2015.
             Slain by an ogre
             ... wielding a +0 giant club
              (25 damage)
             ... on level 4 of the Dungeon.
             The game lasted 00:12:02 (2906 turns).

luca467 the Skirmisher (Octopode Fighter)           Turns: 2906, Time: 00:12:03

Health: -2/38      AC:  1    Str: 15    XL:     5   Next: 48%
Magic:  5/5        EV: 10    Int: 11    God:
Gold:   182        SH:  8    Dex: 12    Spells: 0 memorised, 4 levels left

rFire  + . .     SeeInvis .     a - +0 long sword
rCold  . . .     Clarity  .     b - +0 shield
rNeg   . . .     SustAt   .     (helmet restricted)
rPois  +         Gourm    .     (no amulet)
rElec  .         Spirit   .     n - ring of poison resistance
rCorr  .         Warding  .     u - ring of protection from fire
rMut   .         Stasis   .     (no ring)
MR     .....                    (no ring)
Stlth  ++........               (no ring)
                                (no ring)
                                (no ring)
                                (no ring)

@: not resistant to hostile enchantments, unstealthy
A: almost no armour, amphibious, 8 rings, constrict 8, camouflage 1, gelatinous
body 1
a: no special abilities


You were on level 4 of the Dungeon.
You were not hungry.

You visited 1 branch of the dungeon, and saw 4 of its levels.

You collected 182 gold pieces.

Inventory:

Hand weapons
 a - a +0 long sword (weapon)
 l - a +0 dagger
Armour
 b - a +0 shield (worn)
Jewellery
 n - a ring of poison resistance (left tentacle)
 u - a ring of protection from fire (right tentacle)
Magical devices
 q - a wand of enslavement (5)
 r - a wand of flame (14)
Scrolls
 g - a scroll of enchant weapon {unknown}
 i - a scroll of teleportation
 j - a scroll of noise {unknown}
 m - 2 scrolls of recharging {unknown}
 o - a scroll of enchant armour {unknown}
 s - a scroll of random uselessness {unknown}
 v - a scroll of identify
Potions
 c - 3 potions of might
 e - 2 potions of ambrosia {unknown}
 f - 2 potions of lignification {unknown}
 h - 6 potions of curing {unknown}
 k - a potion of invisibility {unknown}
 p - a potion of haste {unknown}
 t - a potion of resistance {unknown}
Comestibles
 d - 6 bread rations


   Skills:
 + Level 4.8 Fighting
 + Level 4.0 Long Blades
 - Level 3.0 Dodging
 - Level 3.0 Shields


You had 4 spell levels left.
You didn't know any spells.

Dungeon Overview and Level Annotations

Branches:
Dungeon (4/15)
 Temple: D:4-7

Altars:

Annotations:
D:3 Sigmund


Innate Abilities, Weirdness & Mutations

You cannot wear most types of armour.
You are amphibious.
You can wear up to eight rings at the same time.
You can use your tentacles to constrict eight enemies at once.
Your skin changes colour to match your surroundings (Stealth).
Your rubbery body absorbs attacks (AC +1).


Message History

You see here 12 gold pieces.
You now have 182 gold pieces (gained 12).
You open the door.
Found a scale mail.
An ogre comes into view. It is wielding a giant club.
There is an open door here.
You hit the ogre. You squeeze the ogre.
The ogre is moderately wounded.
You block the ogre's attack.
You hit the ogre but do no damage.
The ogre is moderately wounded.
The ogre hits you with a giant club!
You hit the ogre but do no damage. You squeeze the ogre!
The ogre is severely wounded.
The ogre closely misses you.
Your shield prevents you from hitting the ogre.
The ogre is severely wounded.
The ogre hits you with a giant club!!
Ouch! That really hurt!
You die...

.###.##..#
##.##..##
#(......#
+.......#
#......)+
##+##..##
##..####+####
+...'........
#...#@.......
#<..#.O......
##+###...[...
....### ....#
......
.....≈≈
+##.≈≈§


You could see an ogre.

Vanquished Creatures
  An orc priest (D:3)
  An iguana (D:4)
  3 adders
  An ooze (D:3)
  4 worms (D:2)
  2 giant geckos (D:3)
  8 orcs (D:3)
  2 ball pythons
  5 bats
  4 giant cockroaches
  4 hobgoblins
  12 kobolds
  3 quokkas
  2 giant newts
  8 goblins
  4 rats
64 creatures vanquished.

Notes
Turn   | Place    | Note
--------------------------------------------------------------
     0 | D:1      | luca467 the Octopode Fighter began the quest for the Orb.
     0 | D:1      | Reached XP level 1. HP: 16/16 MP: 1/1
    59 | D:1      | Reached XP level 2. HP: 18/21 MP: 2/2
   678 | D:2      | Reached XP level 3. HP: 13/26 MP: 3/3
  1225 | D:2      | Reached skill level 4 in Fighting
  1225 | D:2      | Reached XP level 4. HP: 14/33 MP: 4/4
  2305 | D:3      | Noticed Sigmund
  2617 | D:3      | Reached XP level 5. HP: 27/38 MP: 5/5
  2901 | D:4      | Noticed an ogre
  2906 | D:4      | Slain by an ogre

Vault maps used:
D:1:      scummos_arrival_simple_crosswalls
D:2:      first_bread
D:3:      uniq_sigmund
D:4:      minmay_temple_entry_mist

Action                   |  1- 3 |  4- 6 || total
-------------------------+-------+-------++-------
Melee: Long sword        |    61 |    66 ||   127
  Use: Scroll            |       |     4 ||     4
 Stab: Sleeping          |     7 |     6 ||    13
  Eat: Chunk             |       |     5 ||     5
       Pizza             |       |     1 ||     1
